 Dungeon Crawl Stone Soup version 0.28.0-45-g0d030f2227 (webtiles) character file.

Game seed: 639493219724403465

42 Kangaroobicon the Cudgeller (level 3, -3/36 HPs)
             Began as a Troll Berserker on Apr 3, 2022.
             Was a Believer of Trog.
             Slain by a hobgoblin (6 damage)
             ... led by Robin
             ... on level 2 of the Dungeon.
             The game lasted 00:07:48 (597 turns).

Kangaroobicon the Cudgeller (Troll Berserker)        Turns: 597, Time: 00:07:48

Health: -3/36      AC:  4    Str: 25    XL:     3   Next: 35%
Magic:  2/2        EV: 10    Int:  5    God:    Trog [**....]
Gold:   43         SH:  0    Dex:  9    Spells: 2/2 levels left

rFire   + . .      SeeInvis .   a - +0 mace
rCold   + . .      Faith    .   (no shield)
rNeg    . . .      Spirit   .   b - +0 animal skin
rPois   +          Reflect  .   (helmet restricted)
rElec   +          Harm     .   (no cloak)
rCorr   +          Rampage  .   (gloves unavailable)
Will    .....                   (boots unavailable)
Stlth   +.........              (no amulet)
HPRegen 0.92/turn               (no ring)
MPRegen 0.08/turn               (no ring)

@: resistant
A: large, unfitting armour, claws 3, regeneration 1, shaggy fur 1, tough skin 1
a: Renounce Religion, Berserk, Trog's Hand


You were on level 2 of the Dungeon.
You worshipped Trog.
Trog was pleased with you.
You visited 1 branch of the dungeon, and saw 2 of its levels.

You collected 43 gold pieces.

Inventory:

Hand Weapons
 a - a +0 mace (weapon)
Missiles
 e - 99 stones (quivered)
 i - 15 arrows
Armour
 b - a +0 animal skin (worn)
Scrolls
 d - 3 scrolls of enchant weapon {unknown}
 g - 3 scrolls of identify {unknown}
 h - a scroll of fear {unknown}
Potions
 c - a potion of magic {unknown}


   Skills:
 + Level 2.6 Fighting
 + Level 3.2 Maces & Flails
 + Level 3.0 Dodging


You had 2 spell levels left.
You didn't know any spells.
Your spell library contained the following spells:

 Spells                   Type           Power      Damage    Failure   Level
 Corpse Rot               Necr/Air       0%         N/A       63%         2
 Poisonous Vapours        Pois/Air       0%         N/A       63%         2


Dungeon Overview and Level Annotations

Branches:
Dungeon (2/15)

Altars:

Shops:
D:1 :

Annotations:
D:2 Robin


Innate Abilities, Weirdness & Mutations

You are too large for most types of armour.
You have claws for hands.
Your natural rate of healing is unusually fast.
You are covered in fur. (AC +1)
You have tough skin. (AC +1)


Message History

You thump the goblin!
You kill the goblin!
Trog accepts your kill. The hobgoblin closely misses you.
The goblin closely misses you.
You sock the goblin!
You kill the goblin!
Trog accepts your kill. The hobgoblin hits you.
Your Dodging skill increases to level 3!
You barely miss the hobgoblin. The hobgoblin hits you. x2
* * * LOW HITPOINT WARNING * * *
It was a potion of resistance.
You feel protected. The hobgoblin barely misses you.
You hit the hobgoblin.
The hobgoblin is moderately wounded.
Robin throws the goblin at you! The hobgoblin barely misses you.
The goblin barely misses you.
You sock the hobgoblin!
You kill the hobgoblin!
Trog accepts your kill.
A kobold comes into view. It is wielding a +0 short sword.
The goblin hits you with a +0 club.
* * * LOW HITPOINT WARNING * * *
Robin throws the goblin at you!
The kobold shouts!
You hit the goblin.
You kill the goblin!
Trog accepts your kill.
You can now call upon Trog for regeneration and willpower.
The goblin hits you with a +0 club.
* * * LOW HITPOINT WARNING * * *
The goblin hits you with a +0 dagger.
* * * LOW HITPOINT WARNING * * *
The goblin no longer looks unusually strong.
The hobgoblin no longer looks unusually strong.
The goblin hits you with a +0 club.
* * * LOW HITPOINT WARNING * * *
The hobgoblin hits you.
You die...

....##......... ...
........[....# #.. .
........K...## #..# ..
..........(...### #..#...
....#....(......###......
.......gg..<........##...
...###g########.........
...###g##########.....#.
......)g@................
....###g###########....#.
.. ##.# ##.#### #..#
##..# #.## #...# #.#
########..##
#.###..........#
####.##..##..##...#
#..>)#........#...#


You could see 3 hobgoblins and 2 goblins.

Vanquished Creatures
  2 dart slugs (D:1)
  3 ball pythons (D:1)
  5 bats (D:1)
  An endoplasm (D:1)
  A giant cockroach (D:2)
  8 goblins
  3 hobgoblins
  4 jackals (D:1)
  A frilled lizard (D:2)
  2 kobolds
  2 rats
32 creatures vanquished.

Notes
Turn   | Place    | Note
-------+----------+-------------------------------------------
     0 | D:1      | Kangaroobicon the Troll Berserker began the quest for the
                  | Orb.
     0 | D:1      | Reached XP level 1. HP: 22/22 MP: 0/0
    76 | D:1      | Reached XP level 2. HP: 29/29 MP: 1/1
   221 | D:1      | Found a faded altar of an unknown god.
   236 | D:1      | Found Fevekhlihell's Book Boutique.
   389 | D:1      | Reached XP level 3. HP: 34/36 MP: 2/2
   581 | D:2      | Noticed Robin
   596 | D:2      | Reached ** piety under Trog
   597 | D:2      | Slain by a hobgoblin

Illustrated notes

Levels and vault maps discovered:
D:1:      minmay_arrival_jagged, layout_rooms, serial_shops, shop,
          shapermc_ecumenical_altar_totnotflames, serial_bayou_pond_e
D:2:      layout_rooms, st_stairs_5, uniq_sigmund, uniq_robin,
          uniq_crazy_yiuf_cottage

Skill      XL: |  1  2  3 |
---------------+----------+-----
Maces & Flails | 3 |  3.2
Dodging        | 3 |  3.0
Fighting       | |  2.6

Action                   || total
-------------------------++-------
Melee: Mace              ||    97
       Punch             ||     2
Throw: Stone             ||     2
  Use: Potion            ||     1
Armor: Animal skin       ||    66
Dodge: Dodged            ||    84
